 Dungeon Crawl Stone Soup version 0.19-a0-475-gfca3800 (webtiles) character file.

3540 Leszczynek the Chiller (level 10, -3/66 HPs)
             Began as an Octopode Ice Elementalist on June 5, 2016.
             Was a Follower of Vehumet.
             Slain by an ice beast (10 damage)
             ... on level 8 of the Dungeon.
             The game lasted 00:34:14 (13759 turns).

Leszczynek the Chiller (Octopode Ice Elementalist) Turns: 13759, Time: 00:34:15

Health: -3/66      AC:  1    Str:  7    XL:     10   Next: 8%
Magic:  12/14      EV: 14    Int: 21    God:    Vehumet [*.....]
Gold:   317        SH:  0    Dex: 13    Spells: 4 memorised, 4 levels left

rFire  . . .     SeeInvis .     b - +1 flail (crush)
rCold  . . .     Gourm    .     (no shield)
rNeg   . . .     Faith    .     (helmet restricted)
rPois  .         Spirit   .     (no amulet)
rElec  .         Dismiss  .     g - ring of resist corrosion
rCorr  +         Reflect  .     j - ring of stealth
SustAt .         Harm     .     e - ring of flight
MR     .....                    s - ring of wizardry
Stlth  ++++......               f - ring of wizardry
                                (no ring)
                                (no ring)
                                (no ring)

@: about to teleport, heavily drained, not resistant to hostile enchantments,
stealthy
A: almost no armour, amphibious, 8 rings, constrict 8, camouflage 1, gelatinous
body 1
a: Renounce Religion, Evoke Flight


You were on level 8 of the Dungeon.
You worshipped Vehumet.
Vehumet was aware of your devotion.
You were very hungry.

You visited 2 branches of the dungeon, and saw 9 of its levels.

You collected 317 gold pieces.

Inventory:

Hand Weapons
 a - a +2 short sword of venom
 b - a +1 flail of crushing (weapon)
 n - a +0 blowgun
Missiles
 y - 4 tomahawks (quivered)
Jewellery
 e - a ring of flight (on tentacle)
 f - a ring of wizardry (on tentacle)
 g - a ring of resist corrosion (left tentacle)
 j - a ring of stealth (right tentacle)
 s - a ring of wizardry (on tentacle)
Wands
 l - a wand of acid (9/15)
 m - a wand of teleportation (3/9)
 w - a wand of paralysis (11/24)
 A - a wand of digging (5/24)
 D - a wand of paralysis (15/24)
Scrolls
 c - 5 scrolls of enchant armour
 d - 4 scrolls of remove curse
 i - 2 scrolls of identify
 p - 2 scrolls of immolation
 q - 2 scrolls of noise
 v - 2 scrolls of enchant weapon
 z - a scroll of fear
 C - a scroll of magic mapping {unknown}
Potions
 k - 3 potions of cancellation
 u - 2 potions of flight
 B - 2 potions of mutation {unknown}
Books
 t - a book of Frost

   Spells                             Type                      Level
   a - Freeze                         Ice                          1
   b - Throw Frost                    Conjuration/Ice              2
   c - Ozocubu's Armour               Charms/Ice                   3
   d - Throw Icicle                   Conjuration/Ice              4
   e - Summon Ice Beast               Ice/Summoning                4
Comestibles
 o - 3 meat rations
 x - 8 bread rations
 F - 4 beef jerkies
 G - 6 slices of pizza


   Skills:
 + Level 5.1(3.4) Fighting
 * Level 4.9(3.2) Maces & Flails
 + Level 6.4(4.6) Dodging
 - Level 3.4(1.8) Stealth
 - Level 3.0(1.4) Spellcasting
 - Level 6.4(4.6) Conjurations
 - Level 3.1(1.4) Summonings
 - Level 7.4(5.5) Ice Magic


You had 4 spell levels left.
You knew the following spells:

 Your Spells              Type           Power        Failure   Level  Hunger
a - Freeze                Ice            ###.         1%          1    #......
b - Throw Frost           Conj/Ice       ###...       1%          2    ###....
c - Throw Icicle          Conj/Ice       ###.....     7%          4    #####..
d - Summon Ice Beast      Ice/Summ       ###.....     12%         4    #####..


Dungeon Overview and Level Annotations

Branches:
Dungeon (8/15)             Temple (1/1) D:6
   Lair: D:8-11

Altars:
Ashenzari
Cheibriados
Dithmenos
Elyvilon
Fedhas
Gozag
Hepliaklqana
Makhleb
Nemelex Xobeh
Okawaru
Pakellas
Qazlal
Ru
Sif Muna
Trog
Vehumet
Xom
Yredelemnul
The Shining One

Shops:
D:7 =

Annotations:
D:3 Kidiri's ghost, amateur DEFE


Innate Abilities, Weirdness & Mutations

You cannot wear most types of armour.
You are amphibious.
You can wear up to eight rings at the same time.
You can use your tentacles to constrict eight enemies at once.
Your skin changes colour to match your surroundings (Stealth+).
Your rubbery body absorbs attacks. (AC +1)


Message History

Your magical contamination has completely faded away.
The howler monkey howls!
The howler monkey hoots and howls with incredible vigour!
You hear a shout!
The hound zombie closely misses you.
You hit the ice beast. You squeeze the ice beast.
The ice beast is moderately wounded.
The hound zombie closely misses you. The hound zombie bites you.
* * * LOW HITPOINT WARNING * * *
The ice beast misses you.
Unknown command.
Okay, then.
Evoke which item? (* to show all) (? for menu, Esc to quit)
Zapping:
m - a wand of teleportation (4/9)
Press: ? - help, Shift-Dir - straight line, f - you, p - orc warrior You feel strangely unstable.
This wand has 3 charges left.
The hound zombie barely misses you. The ice beast hits you.
* * * LOW HITPOINT WARNING * * *
The ice beast freezes you!
You die...

##############
#......>o....#
#<##########.# #[#
#.# #.# #.# #.# #$#
#.#######.#######
#.#
#............Y@.#
#.#
#.#####...#####Z#
#.# ##..(# #o# #o#
##....# #h# #.#
#.#...# #.# #.#
#.###..#####.####.#
#.# ##..........o.#
## #.##.###.....###
#.. #[..J......[#


You could see an orc warrior, an ice beast, a howler monkey and a hound zombie.

Vanquished Creatures
  A human (D:7)
  2 sky beasts
  A phantom (D:7)
  8 ogres
  A centaur (D:6)
  Blork the orc (D:4)
  2 giant frogs (D:6)
  2 scorpions (D:7)
  4 howler monkeys
  3 crimson imps
  2 giant frog zombies
  2 hounds
  A jelly (D:7)
  5 orc priests
  A gnoll shaman (D:5)
  3 giant frog skeletons
  An iguana (D:6)
  11 orc wizards
  9 worker ants
  A killer bee zombie (D:8)
  A sheep (D:7)
  A hound skeleton (D:6)
  Robin (D:4)
  A worker ant zombie (D:5)
  3 gnolls (D:5)
  16 adders
  2 shadow imps (D:5)
  4 oozes
  2 adder skeletons (D:5)
  4 worms
  4 dart slugs
  6 giant geckos
  21 orcs
  3 ball pythons
  5 giant cockroaches
  12 goblins
  18 hobgoblins
  11 jackals
  10 kobolds
  7 quokkas
  8 bats
  A giant gecko skeleton (D:5)
  5 giant newts
  2 quokka zombies
  9 rats
  A butterfly (D:6)
219 creatures vanquished.

Vanquished Creatures (collateral kills)
  A hog (D:7)
  A yak (D:7)
  Duvessa (D:7)
  An ice beast (D:5)
  A phantom (D:5)
  A big kobold (D:7)
  Dowan (D:7)
  An orc priest (D:7)
  2 orc wizards
  A sheep (D:7)
  A gnoll (D:5)
  An adder zombie (D:7)
  4 orcs
  3 kobolds (D:7)
20 creatures vanquished.

Grand Total: 239 creatures vanquished

Notes
Turn   | Place    | Note
--------------------------------------------------------------
     0 | D:1      | Leszczynek the Octopode Ice Elementalist began the quest for the Orb.
     0 | D:1      | Reached XP level 1. HP: 11/11 MP: 3/3
   282 | D:1      | Reached XP level 2. HP: 17/17 MP: 3/5
   392 | D:1      | Learned a level 2 spell: Throw Frost
   854 | D:1      | Reached XP level 3. HP: 21/21 MP: 4/6
   914 | D:1      | Reached skill level 4 in Ice Magic
  1583 | D:2      | Found a white marble altar of Elyvilon.
  1778 | D:2      | Reached XP level 4. HP: 27/27 MP: 5/7
  1901 | D:2      | Found a deep blue altar of Sif Muna.
  2621 | D:3      | Reached XP level 5. HP: 27/31 MP: 6/8
  2667 | D:3      | Noticed Kidiri's ghost (amateur DEFE)
  3822 | D:3      | Reached skill level 5 in Ice Magic
  3850 | D:3      | HP: 2/31 [orc/trident (6)]
  3864 | D:3      | HP: 3/31 [bat (1)]
  4135 | D:3      | Reached XP level 6. HP: 19/36 MP: 2/9
  4328 | D:3      | Found an iron altar of Okawaru.
  4758 | D:4      | Learned a level 4 spell: Throw Icicle
  4817 | D:4      | Noticed Blork the orc
  4931 | D:4      | Reached skill level 6 in Ice Magic
  4931 | D:4      | Reached XP level 7. HP: 31/41 MP: 0/10
  5357 | D:4      | Noticed Robin
  5505 | D:4      | HP: 4/41 [Robin/spear (4)]
  5508 | D:4      | Killed Robin
  6124 | D:4      | Reached skill level 5 in Conjurations
  6213 | D:4      | Killed Blork the orc
  6462 | D:4      | Reached XP level 8. HP: 46/46 MP: 3/11
  6468 | D:4      | Learned a level 4 spell: Summon Ice Beast
  6477 | D:4      | Reached skill level 1 in Summonings
  6625 | D:4      | Found a bloodstained altar of Trog.
  6710 | D:5      | Entered Level 5 of the Dungeon
  6858 | D:5      | Reached skill level 7 in Ice Magic
  7541 | D:5      | HP: 4/46 [phantom (3)]
  8513 | D:5      | Found a sparkling altar of Nemelex Xobeh.
  8741 | D:5      | Paralysed by a gnoll for 7 turns
  8951 | D:4      | Reached skill level 1 in Fighting
  9701 | D:5      | Reached XP level 9. HP: 53/54 MP: 4/13
 10117 | D:5      | Reached skill level 5 in Dodging
 10484 | D:6      | Found a basalt altar of Yredelemnul.
 10676 | D:6      | Found a shimmering altar of Xom.
 10708 | D:6      | Found a deep blue altar of Sif Muna.
 11346 | D:6      | Found a staircase to the Ecumenical Temple.
 11358 | Temple   | Entered the Ecumenical Temple
 11399 | Temple   | Became a worshipper of Vehumet
 11557 | D:7      | Reached skill level 1 in Maces & Flails
 11607 | D:7      | Noticed Duvessa
 11613 | D:7      | Noticed Dowan
 11632 | D:7      | Killed Duvessa
 11639 | D:7      | Killed Dowan
 12527 | D:7      | Found Vahiotac's Jewellery Shoppe.
 13005 | D:7      | Found an oddly glowing altar of Pakellas.
 13014 | D:7      | Reached XP level 10. HP: 43/65 MP: 3/14
 13493 | D:8      | Reached skill level 5 in Fighting
 13591 | D:8      | Reached * piety under Vehumet
 13591 | D:8      | Offered knowledge of Magic Dart by Vehumet.
 13759 | D:8      | Slain by an ice beast

Vault maps used:
D:1:      roderic_chinese_lattice_arrival, minmay_crystal_water
D:2:      led_sif_pool, nicolae_overflow_hidden_temple
D:3:      minmay_door_path, okawaru_gym_becter, first_bread
D:4:      kennysheep_mini_moat, uniq_robin, uniq_blork_the_orc
D:5:      nemelex_dance_club_becter
D:6:      lemuel_round_altar, overflow_temple_1_default,
          minmay_temple_entry_butterflies, basic_altar
D:7:      lemuel_round_altar, serial_shops, kennysheep_mini, grunt_livestock,
          hangedman_decor_peaks_small, minmay_misc_feat_diagonals, uniq_duvessa
D:8:      gammafunk_temple_overflow_forgotten, uniq_pikel, uniq_erolcha
Temple:   eino_temple_water_12

Skill      XL: |  1  2  3  4  5  6  7  8  9 10 |
---------------+-------------------------------+-----
Ice Magic      | 4 5 6 7 |  7.4
Conjurations   | 2 3 4 5 6 |  6.4
Stealth        | 3 |  3.4
Dodging        | 3 4 6 |  6.4
Summonings     | 3 |  3.1
Fighting       | 2 4 5 |  5.1
Spellcasting   | 3 |  3.0
Maces & Flails | 4 |  4.9

Action                   |  1- 3 |  4- 6 |  7- 9 | 10-12 || total
-------------------------+-------+-------+-------+-------++-------
Melee: Unarmed           |     1 |       |       |       ||     1
       Dagger            |    20 |    39 |       |       ||    59
       Constrict         |     4 |     6 |    34 |     5 ||    49
       Tentacles         |     3 |     3 |    25 |     2 ||    33
       Short sword       |       |    10 |   159 |       ||   169
       Flail             |       |       |     5 |    20 ||    25
 Cast: Freeze            |    43 |    67 |   193 |    10 ||   313
       Throw Frost       |     2 |    14 |    46 |     4 ||    66
       Throw Icicle      |       |       |     1 |       ||     1
       Summon Ice Beast  |       |       |    36 |     4 ||    40
Evoke: Wand              |       |       |       |     1 ||     1
  Use: Scroll            |       |     3 |    15 |       ||    18
       Potion            |       |     3 |     2 |     1 ||     6
 Stab: Sleeping          |     3 |    15 |     6 |     4 ||    28
  Eat: Chunk             |     3 |    11 |    33 |     3 ||    50
       Pizza             |       |       |     2 |       ||     2
Armor: Skin              |    10 |    51 |    19 |       ||    80
Dodge: Dodged            |    32 |    58 |   223 |    25 ||   338
